AoeStats
← SticksTricks

Black Forest

506481250Analyzed
4v4 RM · 18d ago on Sep 13, 2026· 73m 5s· 8 players
Game mode
Random Map
Map size
Large (8 player)
Population
200
Speed
Normal
Resources
Standard
Victory
Conquest
Starting age
Dark Age
Ending age
Imperial Age
RankedLock teamsTeams togetherTeam positionsShared explorationLock speedFull tech treeHidden civsTurbo modeCheats
Victory
Defeat
🇭🇳 Turks · Honduras
1080
+15
🇵🇪 Armenians · Peru
1025
+17
🇫🇷 Cumans · France
1024
+17
🇭🇳 Chinese · Honduras
980
+18
🇨🇦 Spanish · Canada
1067
-18
🇺🇸 Bohemians · United States
1061
-17
🇪🇸 Mongols · Spain
1033
-16
🇮🇹 Celts · Italy
1028
-16
dillon1556
1:02 Loom
4:14 Loom
9:57 Feudal Age
17:11 Castle Age
15:08 Double-Bit Axe
15:34 Horse Collar
18:13 Bow Saw
23:34 Scale Barding Armor
29:59 Forging
31:24 Husbandry
35:28 Iron Casting
34:43 Light Cavalry
40:59 Imperial Age
39:05 Wheelbarrow
40:05 Wagenburg Tactics
43:04 Chemistry
45:00 Cavalier
45:34 Pikeman
46:14 Squires
49:21 Hand Cart
48:51 Town Watch
52:29 Caravan
53:09 Elite Hussite Wagon
jalouis79
11:51 Feudal Age
15:56 Castle Age
13:58 Double-Bit Axe
14:53 Horse Collar
15:20 Loom
18:36 Bow Saw
21:32 Gold Mining
21:53 Scale Barding Armor
25:01 Wheelbarrow
37:56 Bloodlines
39:30 Padded Archer Armor
41:53 Ballistics
44:40 Hand Cart
44:57 Husbandry
46:46 Leather Archer Armor
52:30 Heavy Plow
58:17 Imperial Age
62:32 Ring Archer Armor
63:46 Conscription
62:47 Elite Conquistador
The Rule
1:08 Loom
9:58 Feudal Age
11:01 Double-Bit Axe
17:29 Castle Age
16:13 Scale Barding Armor
18:39 Husbandry
18:55 Bloodlines
19:01 Forging
19:12 Stone Mining
36:04 Scale Mail Armor
36:00 Man-at-Arms
infernal_AK
1:11 Loom
12:35 Feudal Age
16:54 Castle Age
15:47 Double-Bit Axe
17:01 Wheelbarrow
16:59 Horse Collar
31:47 Pikeman
38:32 Imperial Age
36:20 Hand Cart
37:25 Bow Saw
38:24 Arson
38:49 Onager
39:38 Siege Engineers
39:48 Furor Celtica
39:59 Conscription
39:17 Halberdier
40:33 Siege Onager
41:49 Forging
41:40 Scale Mail Armor
43:56 Caravan
46:20 Iron Casting
46:00 Chain Mail Armor
49:33 Blast Furnace
49:03 Plate Mail Armor
62:26 Scale Barding Armor
66:32 Husbandry
67:02 Light Cavalry
Big Chungus
9:54 Loom
12:01 Feudal Age
12:33 Double-Bit Axe
12:09 Man-at-Arms
13:40 Arson
13:52 Long Swordsman
22:54 Horse Collar
28:53 Pikeman
36:11 Wheelbarrow
38:44 Castle Age
37:33 Forging
37:23 Scale Mail Armor
39:19 Gambesons
38:55 Two-Handed Swordsman
39:35 Squires
39:02 Two-Handed Swordsman
39:05 Halberdier
40:25 Iron Casting
40:05 Chain Mail Armor
40:02 Champion
50:09 Imperial Age
47:55 Hand Cart
49:36 Heavy Plow
56:16 Conscription
56:49 Ballistics
57:29 Chemistry
57:16 Elite Composite Bowman
58:06 Fereters
58:01 Fletching
58:11 Padded Archer Armor
59:11 Blast Furnace
58:41 Plate Mail Armor
60:08 Bodkin Arrow
60:29 Leather Archer Armor
61:30 Bow Saw
Connectoo
10:50 Feudal Age
12:04 Loom
15:52 Double-Bit Axe
29:55 Castle Age
28:41 Wheelbarrow
27:52 Town Watch
27:50 Horse Collar
30:15 Capped Ram
32:15 Hand Cart
32:01 Town Patrol
33:53 Bow Saw
36:18 Heavy Plow
40:43 Bloodlines
40:50 Forging
40:46 Scale Barding Armor
40:43 Gold Mining
43:48 Imperial Age
44:01 Iron Casting
44:59 Chain Barding Armor
46:02 Two-Man Saw
45:34 Crop Rotation
46:28 Plate Barding Armor
46:55 Blast Furnace
45:48 Fletching
45:21 Siege Ram
45:29 Elite Steppe Lancer
50:44 Elite Steppe Lancer
51:34 Caravan
53:03 Gold Shaft Mining
53:34 Bodkin Arrow
54:30 Light Cavalry
57:48 Hussar
59:22 Pikeman
60:05 Squires
59:50 Arson
Rhamlock
0:46 Loom
11:19 Feudal Age
11:58 Double-Bit Axe
17:13 Castle Age
15:29 Horse Collar
19:48 Heavy Plow
20:36 Coinage
23:45 Wheelbarrow
23:49 Gold Mining
31:53 Imperial Age
31:33 Gold Shaft Mining
31:59 Scale Barding Armor
32:04 Forging
32:24 Hand Cart
32:29 Bow Saw
32:38 Fervor
34:05 Bloodlines
33:56 Husbandry
34:55 Treadmill Crane
35:52 Iron Casting
35:38 Chain Barding Armor
36:07 Banking
37:41 Bloodlines
37:31 Husbandry
37:31 Arrowslits
38:10 Bombard Tower
37:41 Arrowslits
37:49 Town Watch
38:28 Heavy Camel Rider
39:58 Plate Barding Armor
41:33 Artillery
41:54 Conscription
46:34 Blast Furnace
49:14 Fletching
49:41 Fortified Wall
49:42 Masonry
49:53 Ballistics
55:23 Elite Janissary
60:11 Hoardings
59:39 Bodkin Arrow
69:35 Bracer
SticksTricks
0:31 Loom
12:19 Feudal Age
15:34 Double-Bit Axe
15:32 Horse Collar
20:44 Castle Age
21:43 Fletching
21:59 Scale Barding Armor
24:40 Forging
24:33 Padded Archer Armor
27:58 Thumb Ring
28:00 Bodkin Arrow
28:20 Leather Archer Armor
28:16 Heavy Plow
30:04 Chain Barding Armor
31:03 Bow Saw
35:32 Wheelbarrow
34:43 Town Watch
35:25 Ballistics
36:40 Coinage
38:31 Hand Cart
42:57 Imperial Age
41:42 Bloodlines
41:33 Husbandry
41:44 Murder Holes
42:03 Elite Skirmisher
43:11 Gold Mining
43:13 Stone Mining
43:29 Town Patrol
44:11 Conscription
43:59 Bracer
44:30 Ring Archer Armor
45:20 Heavy Rocket Cart
46:11 Heavy Cavalry Archer
50:47 Chemistry
51:02 Gold Shaft Mining
51:02 Stone Shaft Mining
50:43 Arson
51:39 Ring Archer Armor
51:44 Plate Barding Armor
57:31 Elite Chu Ko Nu
57:40 Light Cavalry
Connection lost

Rejoining the realm…

Still unreachable

The connection could not be restored.

Session expired

The server has moved on; the page needs a fresh start.